 Dungeon Crawl Stone Soup version 0.23.2-30-g0e89c35649 (webtiles) character file.

Game seed: 4613376309424836273

17831 Fazer the Thaumaturge (level 12, 0/67 HPs)
             Began as a Deep Elf Fire Elementalist on June 14, 2019.
             Was a Follower of Vehumet.
             Slain by an unseen horror (6 damage)
             ... on level 13 of the Dungeon.
             The game lasted 02:03:52 (21610 turns).

Fazer the Thaumaturge (Deep Elf Fire Elementalist) Turns: 21610, Time: 02:03:52

Health: 0/67       AC:  7    Str:  5    XL:     12   Next: 22%
Magic:  30/30      EV: 18    Int: 26    God:    Vehumet [*.....]
Gold:   719        SH:  0    Dex: 15    Spells: 19/36 levels left

rFire    x . .     SeeInvis .   S - staff of conjuration
rCold    + . .     Gourm    +   (no shield)
rNeg     . . .     Faith    .   s - +2 robe {MR+}
rPois    .         Spirit   .   m - +2 hat
rElec    .         Reflect  .   (no cloak)
rCorr    .         Harm     .   v - +0 pair of gloves
MR       ++...                  (no boots)
Stlth    ++........             q - amulet of the gourmand
HPRegen  0.21/turn              h - +3 ring of evasion
MPRegen  0.22/turn              C - ring of ice

@: no status effects
A: no striking features
a: Renounce Religion


You were on level 13 of the Dungeon.
You worshipped Vehumet.
Vehumet was aware of your devotion.
You were very full.

You visited 2 branches of the dungeon, and saw 14 of its levels.

You collected 719 gold pieces.

Inventory:

Hand Weapons
 H - the +6 hand axe "Jeru" {venom, +Inv rF+}
   (You found it on level 9 of the Dungeon)

   It poisons the flesh of those it strikes.
   It protects you from fire.
   It lets you turn invisible.
 N - a +0 blowgun
 R - a +1 dagger of electrocution
Missiles
 d - 332 stones (quivered)
 k - 58 poisoned needles
Armour
 m - a +2 hat (worn)
 s - a +2 robe of magic resistance (worn)
 v - a +0 pair of gloves (worn)
Magical Staves
 S - an uncursed staff of conjuration (weapon)
Jewellery
 a - a cursed ring of resist corrosion
 h - a +3 ring of evasion (left hand)
 o - an uncursed ring of stealth
 q - an amulet of the gourmand (around neck)
 C - a ring of ice (right hand)
 M - an uncursed ring of ice
 P - an uncursed amulet of the acrobat
 Q - an uncursed ring of resist corrosion
Wands
 g - a wand of clouds (5)
 i - a wand of digging (4)
 D - a wand of acid (23)
 G - a wand of scattershot (5)
 I - a wand of paralysis (10)
 K - a wand of enslavement (17)
Scrolls
 b - 4 scrolls of teleportation
 f - a scroll of noise {unknown}
 n - 2 scrolls of blinking {unknown}
 r - 3 scrolls of enchant armour {unknown}
 u - 3 scrolls of fog
 x - 2 scrolls of immolation
 y - 2 scrolls of enchant weapon
 F - 2 scrolls of amnesia {unknown}
 J - 2 scrolls of remove curse
 L - 3 scrolls of identify
 O - a scroll of magic mapping {unknown}
Potions
 c - a potion of mutation
 e - a potion of brilliance
 j - a potion of magic {unknown}
 l - 5 potions of flight
 t - 6 potions of lignification
 w - a potion of curing
 z - a potion of berserk rage {unknown}
 A - a potion of might {unknown}
 B - 2 potions of cancellation
Comestibles
 p - 19 rations


   Skills:
 + Level 4.7 Fighting
 - Level 1.0 Short Blades
 - Level 0.7 Throwing
 + Level 5.6 Dodging
 - Level 2.8 Stealth
 + Level 12.9 Spellcasting
 - Level 12.7 Conjurations
 - Level 10.2 Fire Magic
 * Level 6.3 Ice Magic


You had 19 spell levels left.
You knew the following spells:

 Your Spells              Type           Power        Failure   Level  Hunger
a - Flame Tongue          Conj/Fire      #####        1%          1    None
b - Throw Flame           Conj/Fire      ######       1%          2    None
c - Conjure Flame         Conj/Fire      #######.     1%          3    None
d - Sticky Flame          Conj/Fire      #######.     1%          4    None
e - Fireball              Conj/Fire      #######...   1%          5    ###....
f - Freeze                Ice            ####         1%          1    None
g - Magic Dart            Conj           ####         1%          1    None

Your spell library contained the following spells:

 Spells                   Type           Power        Failure   Level  Hunger
 Shock                    Conj/Air       ####         1%          1    None
 Sting                    Conj/Pois      ####         1%          1    None
 Ensorcelled Hibernation  Hex/Ice        ######       1%          2    None
 Searing Ray              Conj           ######       1%          2    None
 Dazzling Spray           Conj/Hex       ######       1%          3    None
 Inner Flame              Hex/Fire       #####...     1%          3    None
 Mephitic Cloud           Conj/Pois/Air  ######..     1%          3    None
 Iskenderun's Mystic Bla  Conj           #######.     1%          4    None
 Force Lance              Conj/Tloc      ######..     2%          4    None
 Fulminant Prism          Conj/Hex       ######....   2%          4    None
 Beastly Appendage        Tmut           ###...       3%          1    None
 Corona                   Hex            ###....      3%          1    None
 Poisonous Vapours        Pois/Air       ###...       5%          2    None
 Sticks to Snakes         Tmut           ###.....     5%          2    None
 Venom Bolt               Conj/Pois      ######....   7%          5    ###....
 Ice Form                 Ice/Tmut       ######..     10%         4    None
 Confuse                  Hex            ###.....     11%         3    None
 Spider Form              Tmut/Pois      ###.......   11%         3    None
 Tukima's Dance           Hex            ###.....     11%         3    None
 Olgreb's Toxic Radiance  Pois           ###.....     34%         4    None
 Freezing Cloud           Conj/Ice/Air   #######...   36%         6    #####..
 Blade Hands              Tmut           ###.......   67%         5    ###....
 Simulacrum               Ice/Necr       ######....   82%         6    #####..


Dungeon Overview and Level Annotations

Branches:
Dungeon (13/15)            Temple (1/1) D:5            Lair (0/6) D:8
    Orc (0/2) D:10
 Vaults: D:13-14

Altars:
Ashenzari
Cheibriados
Gozag
Nemelex Xobeh
Ru
Uskayaw
Vehumet
Yredelemnul
Zin
The Shining One
Beogh

Annotations:
D:3 1 runed translucent door, Crazy Yiuf
D:5 Eustachio
D:12 1 runed translucent door, Grendash's ghost, journeyman HOFi


Message History

Confirm with . or Enter, or press ? or * to list all spells.
Aiming: Conjure Flame (safe; 1% risk of failure)
Press: ? - help, Dir - move target cursor You feel a surge of power!
You see a ghostly outline there, and the spell fizzles.
Something hits you. Something barely misses you. Something hits you. x2
Something hits you. Something hits you. Something hits you but does no damage.
Something hits you!
* * * LOW HITPOINT WARNING * * *
Something hits you.
* * * LOW HITPOINT WARNING * * *
Something completely misses you. Something hits you.
* * * LOW HITPOINT WARNING * * *
Something hits you.
You die...

#......##.# #.#..##
#.##..#.#.##.# #)##..##
#.##.........# #.# ...##
#.###.#.#.#### #.##.#..#
#.# #..(..#######.......#
#.#
###........).....##...
#.##############..#### .#
.#####.........<.# #..#
.........##.####@# #..#
######.#.##.# #.# #..#
#....#.# ##.## #..#
##.###..###...###..##
#.## ##..#..........# #.#
#.......###...# #.##
##..###.####...####
##.###..........)......>.
##...######.############


There were no monsters in sight!

Vanquished Creatures
  3 two-headed ogres
  A tengu warrior (D:12)
  A phantasmal warrior (D:13)
  2 ugly things
  A manticore (D:12)
  An elephant (D:8)
  A centaur zombie (D:13)
  A gargoyle (D:12)
  2 kobold demonologists (D:11)
  4 trolls
  3 slime creatures (D:13)
  7 hippogriffs
  A shadow (D:13)
  A basilisk (D:7)
  12 yaks
  A human (D:12)
  3 wraiths
  3 hogs (D:12)
  2 hungry ghosts
  2 vampire mosquitoes (D:12)
  A water moccasin (D:12)
  5 ice beasts
  An orc warrior (D:12)
  3 sky beasts
  4 ogres
  10 centaurs
  2 phantoms
  A crocodile (D:8)
  6 big kobolds
  4 bullfrogs
  2 gnoll sergeants (D:7)
  2 scorpions
  2 water moccasin skeletons (D:8)
  6 killer bees
  8 wights
  4 howler monkeys
  11 crimson imps
  2 bullfrog zombies
  A quasit (D:11)
  3 orc priests
  7 hounds
  6 jellies
  5 orc wizards
  6 bullfrog skeletons
  A centaur skeleton (D:5)
  4 iguanas
  15 worker ants
  A hound zombie (D:6)
  2 worker ant zombies
  9 gnolls (D:7)
  14 adders
  4 shadow imps
  2 adder skeletons
  5 worms
  2 dart slugs
  4 leopard geckos
  30 orcs
  6 ball pythons
  6 bats
  7 giant cockroaches
  11 goblins
  14 hobgoblins
  6 jackals
  3 quokkas
  3 frilled lizards
  38 kobolds
  A leopard gecko skeleton (D:6)
  4 rats
  9 bushes (D:11)
355 creatures vanquished.

Notes
Turn   | Place    | Note
-------+----------+-------------------------------------------
     0 | D:1      | Fazer the Deep Elf Fire Elementalist began the quest for
                  | the Orb.
     0 | D:1      | Reached XP level 1. HP: 10/10 MP: 6/6
   291 | D:1      | Reached XP level 2. HP: 15/15 MP: 6/8
   295 | D:1      | Learned a level 2 spell: Throw Flame
  1046 | D:1      | Reached XP level 3. HP: 19/19 MP: 3/9
  2052 | D:2      | Reached XP level 4. HP: 24/24 MP: 9/12
  2057 | D:2      | Learned a level 3 spell: Conjure Flame
  3482 | D:3      | Reached XP level 5. HP: 28/28 MP: 8/14
  3807 | D:3      | Reached skill level 5 in Spellcasting
  4028 | D:3      | Found a runed translucent door.
  4029 | D:3      | Noticed Crazy Yiuf
  4347 | D:4      | Reached skill level 5 in Fire Magic
  4475 | D:4      | Noticed a centaur
  4485 | D:4      | Killed a centaur
  4485 | D:4      | Reached XP level 6. HP: 26/32 MP: 10/16
  4599 | D:4      | Learned a level 4 spell: Sticky Flame
  4731 | D:4      | Identified the Compendium of Monotheism
  5378 | D:5      | Entered Level 5 of the Dungeon
  5498 | D:5      | Reached XP level 7. HP: 32/36 MP: 13/18
  6037 | D:5      | Found a staircase to the Ecumenical Temple.
  6262 | D:5      | Noticed Eustachio
  6471 | D:5      | Reached skill level 1 in Short Blades
  7074 | D:5      | Reached skill level 5 in Conjurations
  7122 | D:5      | Reached XP level 8. HP: 41/41 MP: 10/21
  7708 | D:5      | Found a glowing golden altar of the Shining One.
  8104 | D:6      | Learned a level 5 spell: Fireball
  8106 | D:6      | Learned a level 1 spell: Freeze
  8380 | D:6      | Reached skill level 1 in Ice Magic
  8982 | D:6      | Got a fine ring mail
  9214 | D:7      | Reached XP level 9. HP: 45/45 MP: 19/23
 10938 | D:7      | Learned a level 1 spell: Magic Dart
 11190 | D:8      | Reached skill level 10 in Spellcasting
 11259 | D:8      | Found a staircase to the Lair.
 11259 | D:8      | Noticed an elephant
 11260 | D:8      | Noticed a two-headed ogre
 11263 | D:8      | Killed a two-headed ogre
 11263 | D:8      | Reached skill level 10 in Conjurations
 11263 | D:8      | Reached XP level 10. HP: 50/50 MP: 10/26
 11273 | D:8      | Killed an elephant
 12591 | D:9      | Got an ancient hand axe
 12594 | D:9      | Identified the +6 hand axe "Jeru" {venom, +Inv rF+} (You
                  | found it on level 9 of the Dungeon)
 13134 | D:10     | Entered Level 10 of the Dungeon
 13406 | D:10     | Reached skill level 1 in Fighting
 13975 | D:10     | Found a staircase to the Orcish Mines.
 13998 | D:10     | Found a roughly hewn altar of Beogh.
 14381 | D:10     | Reached XP level 11. HP: 57/57 MP: 8/28
 15065 | D:11     | Noticed a two-headed ogre
 15073 | D:11     | Killed a two-headed ogre
 15205 | D:11     | Noticed a cyan ugly thing
 15214 | D:11     | Killed a cyan ugly thing
 16242 | D:11     | Reached skill level 10 in Fire Magic
 17154 | D:12     | Noticed Grendash's ghost (journeyman HOFi)
 17157 | D:12     | Found a runed translucent door.
 17521 | D:12     | Noticed a tengu warrior
 18913 | D:12     | Noticed a brown ugly thing
 18926 | D:12     | Killed a brown ugly thing
 19374 | D:12     | Killed a tengu warrior
 19568 | D:12     | Reached skill level 5 in Ice Magic
 19919 | Temple   | Entered the Ecumenical Temple
 19991 | Temple   | Became a worshipper of Vehumet
 20283 | D:13     | Reached XP level 12. HP: 65/66 MP: 20/30
 20345 | D:13     | Noticed a two-headed ogre
 20357 | D:13     | Killed a two-headed ogre
 20357 | D:13     | Reached skill level 5 in Dodging
 21225 | D:13     | Reached * piety under Vehumet
 21225 | D:13     | Offered knowledge of Shock by Vehumet.
 21289 | D:13     | Found a glowing golden altar of the Shining One.
 21295 | D:13     | Noticed a death knight
 21610 | D:13     | Slain by an unseen horror

Skill      XL: |  1  2  3  4  5  6  7  8  9 10 11 12 |
---------------+-------------------------------------+-----
Fire Magic     | 4 5 6 7 8 9 10 | 10.2
Dodging        | 3 4 5 |  5.6
Spellcasting   | 4 5 6 7 8 10 11 12 | 12.9
Conjurations   | 2 3 5 7 10 11 12 | 12.7
Short Blades   | 1 |  1.0
Ice Magic      | 2 3 5 6 |  6.3
Fighting       | 2 4 |  4.7
Throwing       | |  0.7
Stealth        | |  2.8

Action                   |  1- 3 |  4- 6 |  7- 9 | 10-12 || total
-------------------------+-------+-------+-------+-------++-------
Melee: Dagger            |       |       |   138 |       ||   138
       Hand axe          |       |       |    60 |    66 ||   126
       Staff             |       |       |       |    21 ||    21
 Fire: Hunting sling     |       |       |    52 |       ||    52
Throw: Stone             |    15 |     4 |    42 |    29 ||    90
 Cast: Flame Tongue      |    39 |    81 |   172 |   366 ||   658
       Throw Flame       |    36 |    42 |    47 |    66 ||   191
       Conjure Flame     |       |     6 |    19 |    43 ||    68
       Fireball          |       |       |    13 |    38 ||    51
       Freeze            |       |       |     1 |     3 ||     4
       Sticky Flame      |       |       |     1 |    23 ||    24
       Magic Dart        |       |       |     1 |     7 ||     8
  Use: Scroll            |       |       |    14 |    11 ||    25
       Potion            |       |       |       |     5 ||     5
  Eat: Chunk             |     1 |    10 |    20 |    35 ||    66
       Ration            |     1 |       |     3 |       ||     4
Armor: Robe              |     3 |     4 |    98 |    33 ||   138
Dodge: Dodged            |    16 |    17 |   208 |   152 ||   393
